 Dungeon Crawl Stone Soup version 0.30-a0-55-g90e3122c3a (webtiles) character file.

Game seed: 12766920697602005185

969 LnG the Cleaver (level 8, -8/69 HPs)
             Began as a Hill Orc Fighter on Sept 9, 2022.
             Was a Believer of Uskayaw.
             Mangled by an orc knight
             ... wielding a +0 war axe
              (11 damage)
             ... in a bailey.
             The game lasted 00:14:45 (5630 turns).

LnG the Cleaver (Hill Orc Fighter)                  Turns: 5630, Time: 00:14:46

Health: -8/69      AC:  7    Str: 21    XL:     8   Next: 16%
Magic:  2/2        EV: 10    Int: 10    God:    Uskayaw [**....]
Gold:   210        SH:  0    Dex: 10    Spells: 7/7 levels left

rFire   . . .      SeeInvis .    k - +8 battleaxe "Tuuhiurr" {antimagic, rC++ Int+2}
rCold   + + .      Faith    .    (shield currently unavailable)
rNeg    . . .      Spirit   .    b - +0 scale mail
rPois   .          Reflect  .    (no helmet)
rElec   .          Harm     .    (no cloak)
rCorr   .          Rampage  .    (no gloves)
Will    .....                    (no boots)
Stlth   ..........               (no amulet)
HPRegen 0.21/turn                (no ring)
MPRegen 0.08/turn                (no ring)

@: mighty
A: no striking features
a: Renounce Religion, Stomp, Line Pass


You were in a bailey.
You worshipped Uskayaw.
Uskayaw was noncommittal.
You visited 2 branches of the dungeon, and saw 6 of its levels.
You also visited: Sewer and Bailey.

You collected 210 gold pieces.

Inventory:

Hand Weapons
 a - a +0 war axe
 k - the +8 battleaxe "Tuuhiurr" (weapon) {antimagic, rC++ Int+2}
   (You found it on level 2 of the Dungeon)

   It reduces the magical energy of the wielder, and disrupts the spells and
   magical abilities of those it strikes.
   Natural abilities and divine invocations are not affected.
   Int:       It affects your intelligence (+2).
   rC:        It greatly protects you from cold.
Armour
 b - a +0 scale mail (worn)
 c - a +0 buckler
Jewellery
 p - a ring of fire
Scrolls
 h - a scroll of blinking {unknown}
 i - 2 scrolls of identify {unknown}
 j - a scroll of fear
 m - 2 scrolls of noise {unknown}
 o - a scroll of summoning {unknown}
 q - 2 scrolls of teleportation
 r - a scroll of butterflies {unknown}
 t - 2 scrolls of enchant weapon {unknown}
Potions
 d - a potion of might
 e - a potion of magic {unknown}
 f - a potion of haste {unknown}
 g - a potion of attraction {unknown}
 l - a potion of brilliance {unknown}
 n - 3 potions of curing {unknown}
 s - a potion of resistance {unknown}
 u - 2 potions of flight {unknown}


   Skills:
 + Level 5.5 Fighting
 + Level 9.1 Axes
 + Level 5.6 Armour
 + Level 1.5 Dodging
 + Level 0.8 Stealth
 - Level 3.5 Shields


You had 7 spell levels left.
You didn't know any spells.
Your spell library contained the following spells:

 Spells                   Type           Power      Damage    Failure   Level
 Slow                     Hex            0%         N/A       67%         1
 Confusing Touch          Hex            0%         N/A       96%         3
 Vampiric Draining        Necr           0%         2d6       96%         3


Dungeon Overview and Level Annotations

Branches:
Dungeon (7/15)             Temple (1/1) D:7           Sewer (visited)
 Bailey (1/1)

Altars:
Elyvilon
Fedhas
Makhleb
Trog
Uskayaw
The Shining One

Shops:
D:3 =


Message History

There is an open door, spattered with blood here.
Items here: ))) [[[ †.
You can no longer pass through a line of other dancers.
Items here: )) [[.
There is an open door, spattered with blood here.
Items here: ))) [[[.
The gnoll hits you with a +3 hand axe.
You slash the gnoll!
You kill the gnoll!
The goblin barely misses you.
You slice the goblin!!
You kill the goblin!
There is an open gate here.
You feel very mighty all of a sudden.
You slash the orc knight!
The orc knight is lightly wounded.
The orc knight misses you.
You barely miss the orc knight.
The orc knight is lightly wounded.
The orc knight completely misses you.
You closely miss the orc knight.
The orc knight is lightly wounded.
The orc knight hits you with a +0 war axe.
You barely miss the orc knight.
The orc knight is lightly wounded.
The orc knight hits you with a +0 war axe!! x2
* * * LOW HITPOINT WARNING * * *
As you read the scroll of fear, it crumbles to dust.
You assume a fearsome visage.
The orc knight resists with almost no effort.
The orc knight closely misses you.
You slice the orc knight!!
The orc knight is heavily wounded.
The orc knight hits you with a +0 war axe!
* * * LOW HITPOINT WARNING * * *
You can now pass through a line of other dancers.
You closely miss the orc knight.
The orc knight is heavily wounded.
The orc knight hits you with a +0 war axe!
You die...

#...........
#......g.... ♣♣♣♣
###)).......# ♣♣♣..♣♣
###.#)#.....###
♣.....♣♣♣###...).###.###
♣.......##.....)...###
♣.......#...........#
♣.......')..).......#
♣..∩.∩..'@o...).....#
♣........'...........#
♣♣.......#...........#
♣♣......##.........###
♣.....♣♣###.....###.###
♣♣♣♣.♣♣ ###.#'#.....###
♣♣♣ ###.........#
#...........
#...........


You could see an orc knight.

Vanquished Creatures
  5 orc warriors (Bailey)
  3 kobold brigands (Sewer)
  A jelly (D:7)
  8 gnolls
  4 adders
  5 river rats (Sewer)
  4 dart slugs
  17 orcs
  9 ball pythons
  5 bats
  8 endoplasms
  4 giant cockroaches (D:3)
  14 goblins
  5 hobgoblins
  2 jackals
  4 kobolds
  4 quokkas (D:3)
  5 frilled lizards
  3 rats
110 creatures vanquished.

Vanquished Creatures (others)
  A fungus (D:1)
  18 plants (Sewer)
19 creatures vanquished.

Grand Total: 129 creatures vanquished

Notes
Turn   | Place    | Note
-------+----------+-------------------------------------------
     0 | D:1      | LnG the Hill Orc Fighter began the quest for the Orb.
     0 | D:1      | Reached XP level 1. HP: 19/19 MP: 1/1
   204 | D:1      | Reached XP level 2. HP: 21/27 MP: 2/2
   340 | D:1      | Reached skill level 3 in Axes
   596 | D:1      | Reached XP level 3. HP: 33/33 MP: 3/3
   888 | D:2      | Identified the +8 battleaxe "Tuuhiurr" {antimagic, rC++
                  | Int+2}
  1668 | D:2      | Reached skill level 4 in Axes
  1668 | D:2      | Reached XP level 4. HP: 40/40 MP: 1/4
  2181 | D:3      | Found Qeru's Jewellery Emporium.
  2196 | D:3      | Found a glowing drain.
  2241 | Sewer    | Entered a sewer
  2542 | Sewer    | Reached XP level 5. HP: 45/46 MP: 1/5
  2684 | Sewer    | Reached skill level 5 in Axes
  2850 | Sewer    | Noticed a kobold brigand
  2859 | Sewer    | Killed a kobold brigand
  2860 | Sewer    | Reached skill level 1 in Dodging
  2925 | Sewer    | Noticed a kobold brigand
  2940 | Sewer    | Killed a kobold brigand
  2941 | Sewer    | Reached skill level 6 in Axes
  2941 | Sewer    | Reached XP level 6. HP: 30/53 MP: 2/6
  3156 | Sewer    | Reached skill level 5 in Armour
  4094 | D:3      | Found a hide-covered altar of Uskayaw.
  4099 | D:3      | Became a worshipper of Uskayaw the Reveller
  4102 | D:3      | Found a blossoming altar of Fedhas.
  4103 | D:3      | Found a white marble altar of Elyvilon.
  4373 | D:4      | You fall into a shaft and drop 3 floors!
  4396 | D:7      | Reached * piety under Uskayaw
  4399 | D:7      | Reached ** piety under Uskayaw
  4491 | D:7      | Found a staircase to the Ecumenical Temple.
  4567 | Temple   | Entered the Ecumenical Temple
  4569 | Temple   | Reached skill level 7 in Axes
  4569 | Temple   | Reached XP level 7. HP: 60/60 MP: 2/7
  4711 | D:7      | Found a flagged portal.
  4728 | Bailey   | Entered a bailey
  4766 | Bailey   | Reached *** piety under Uskayaw
  5006 | Bailey   | Reached skill level 5 in Fighting
  5006 | Bailey   | Reached skill level 8 in Axes
  5434 | Bailey   | Reached XP level 8. HP: 39/68 MP: 2/8
  5592 | Bailey   | Noticed an orc knight
  5594 | Bailey   | Reached skill level 9 in Axes
  5629 | Bailey   | HP: 3/69 [orc knight/+0 war axe (9)]
  5630 | Bailey   | Mangled by an orc knight

Illustrated notes

Levels and vault maps discovered:
D:1:      dpeg_cavernosity, layout_rooms
D:2:      layout_rooms, minmay_unequal
D:3:      layout_loops_corners, minitemple, serial_shops, shop,
          portal_sewer_entry_f, grunt_ministairs_1
D:4:      cheibrodos_thug_alley, layout_rooms, nzn_wu_jian_contemplation,
          mainiacjoe_overflow_concentric_impassable, serial_glass,
          glass_columns_b, glass_columns_a, nicolae_wormholes,
          uniq_blork_the_orc, uniq_ijyb, uniq_grinder
D:7:      layout_layer_cave, cheibrodos_worm_habitat,
          minmay_temple_entry_butterflies, lightli_bailey_entry_fortress
Temple:   compressed_dpeg_circular_temple
Bailey:   bailey_axe_minmay_hex_keep, bailey

Skill      XL: |  1  2  3  4  5  6  7  8 |
---------------+-------------------------+-----
Axes           | 3 4 6 7 8 9 |  9.1
Fighting       | 4 5 |  5.5
Armour         | 4 5 |  5.6
Dodging        | 1 |  1.5
Stealth        | |  0.8
Shields        | |  3.5

Action                   |  1- 3 |  4- 6 |  7- 9 || total
-------------------------+-------+-------+-------++-------
Melee: War axe           |   114 |       |       ||   114
       Battleaxe         |     6 |   158 |    59 ||   223
  Use: Scroll            |       |       |     3 ||     3
       Potion            |       |       |     1 ||     1
 Stab: Paralysed         |       |       |     2 ||     2
Armor: Scale mail        |    77 |    48 |    12 ||   137
Dodge: Dodged            |    67 |    76 |    26 ||   169
Block: Buckler           |    28 |       |       ||    28

Table legend: (Time is in decaauts)
 A = Elapsed time spent in this place.
 B = Non-inter-level travel time spent in this place.
 C = Inter-level travel time spent in this place.
 D = Time resting spent in this place.
 E = Time spent auto-exploring this place.
 F = Levels seen in this place.
 G = Mean time per level.
                   A        B        C        D        E       F      G
               +--------+--------+--------+--------+--------+-----+--------+
         Total |   5984 |   5866 |    118 |   1974 |   1454 |   8 |  748.0 |
       Dungeon |   3493 |   3375 |    118 |    741 |   1203 |   5 |  698.6 |
        Temple |    107 |    107 |      0 |    100 |      0 |   1 |  107.0 |
         Sewer |   1467 |   1467 |      0 |    459 |    251 |   1 | 1467.0 |
        Bailey |    916 |    916 |      0 |    674 |      0 |   1 |  916.0 |
               +--------+--------+--------+--------+--------+-----+--------+

Top non-repeatable levels by time:
   Sewer: 1467 daAuts
     D:1: 1261 daAuts
     D:3: 1078 daAuts
  Bailey: 916 daAuts
     D:2: 891 daAuts
     D:7: 262 daAuts
  Temple: 107 daAuts
